 Dungeon Crawl Stone Soup version 0.18.1-8-gdd0e5ea (webtiles) character file.

210 Gagarin the Shield-Bearer (level 5, -7/33 HPs)
             Began as a Gargoyle Fighter on May 26, 2016.
             Killed by nerve-wracking pain
             ... invoked by an orc priest
              (14 damage)
             ... on level 3 of the Dungeon.
             The game lasted 00:07:28 (2189 turns).

Gagarin the Shield-Bearer (Gargoyle Fighter)        Turns: 2189, Time: 00:07:29

Health: -7/33      AC: 15    Str: 20    XL:     5   Next: 88%
Magic:  5/5        EV:  8    Int:  9    God:
Gold:   153        SH:  9    Dex:  9    Spells: 0 memorised, 4 levels left

rFire  . . .     SeeInvis .     a - +0 flail
rCold  . . .     Gourm    .     b - +0 scale mail
rNeg   + . .     Faith    .     c - +0 shield
rPois  ∞         Spirit   .     m - +0 helmet
rElec  +         Dismiss  .     o - +0 cloak
rCorr  .         Reflect  .     (no gloves)
SustAt .         Harm     .     n - +1 pair of boots
MR     .....                    (no amulet)
Stlth  ..........               (no ring)
                                (no ring)

@: not resistant to hostile enchantments, extremely unstealthy
A: negative energy resistance 1, electricity resistance, unbreathing,
petrification resistance, rot immunity, AC +4
a: no special abilities


You were on level 3 of the Dungeon.
You were not hungry.

You visited 1 branch of the dungeon, and saw 3 of its levels.

You collected 153 gold pieces.

Inventory:

Hand Weapons
 a - a +0 flail (weapon)
Missiles
 g - 2 tomahawks (quivered)
Armour
 b - a +0 scale mail (worn)
 c - a +0 shield (worn)
 m - a +0 helmet (worn)
 n - a +1 pair of boots (worn)
 o - a +0 cloak (worn)
Scrolls
 e - a scroll of immolation {unknown}
 i - 2 scrolls of identify {unknown}
 k - 4 scrolls of remove curse {unknown}
 s - 2 scrolls of magic mapping {unknown}
 t - a scroll of fear {unknown}
Potions
 j - a potion of degeneration {unknown}
 l - a potion of brilliance {unknown}
 p - a potion of heal wounds {unknown}
 q - a potion of agility {unknown}
 r - a potion of ambrosia {unknown}
Comestibles
 d - 6 chunks of flesh
 f - 2 bread rations
 h - a royal jelly


   Skills:
 + Level 4.0 Fighting
 + Level 2.9 Maces & Flails
 + Level 4.0 Armour
 + Level 1.7 Dodging
 + Level 0.2 Stealth
 + Level 4.9 Shields


You had 4 spell levels left.
You didn't know any spells.

Dungeon Overview and Level Annotations

Branches:
Dungeon (3/15)

Altars:
Elyvilon
Yredelemnul


Innate Abilities, Weirdness & Mutations

You are resistant to torment.
Your stone body is resilient (AC +4).
You are immune to poison.
You resist negative energy.
You are resistant to electric shocks.
You can survive without breathing.
You are immune to petrification.
You are immune to rotting.


Message History

The orc priest closely misses you. The orc hits you but does no damage.
You hit the orc.
You kill the orc!
You closely miss the orc priest.
The orc priest hits you but does no damage.
You hit the orc.
The orc is almost dead.
The orc priest hits you but does no damage.
You sock the orc!
You kill the orc!
The orc priest hits you but does no damage.
You hit the orc priest.
The orc priest is moderately wounded.
The orc priest hits you but does no damage.
The orc priest barely misses you.
You barely miss the orc priest.
The orc priest is moderately wounded.
The orc priest invokes the aid of Beogh against you.
Pain shoots through your body!
You die...

########### #.........#
#########.##...##.####
.......@o.##.........#
#########o##.........♣♣
######......###.....♣♣
####.......)...##.......♣
#..........##......≈≈≈...
#.........o#####..≈≈≈≈≈..
#........o........≈≈♣≈≈..
#.....%o...#####..≈≈≈≈≈..
...........# #...≈≈≈...


You could see 2 orc priests.

Vanquished Creatures
  An orc wizard (D:3)
  2 orc priests (D:3)
  Ijyb (D:2)
  An adder (D:2)
  3 worms (D:2)
  2 dart slugs
  A giant gecko (D:1)
  8 orcs (D:3)
  6 bats
  3 giant cockroaches
  5 goblins
  10 hobgoblins
  4 jackals (D:1)
  A quokka (D:2)
  A ball python (D:2)
  7 giant newts (D:1)
  9 kobolds
  7 rats
72 creatures vanquished.

Notes
Turn   | Place    | Note
--------------------------------------------------------------
     0 | D:1      | Gagarin the Gargoyle Fighter began the quest for the Orb.
     0 | D:1      | Reached XP level 1. HP: 14/14 MP: 1/1
   137 | D:1      | Reached XP level 2. HP: 17/19 MP: 2/2
   432 | D:1      | Reached XP level 3. HP: 21/23 MP: 3/3
  1089 | D:2      | Found a basalt altar of Yredelemnul.
  1129 | D:2      | Reached XP level 4. HP: 28/28 MP: 4/4
  1132 | D:2      | Reached skill level 1 in Dodging
  1325 | D:2      | Noticed Ijyb
  1342 | D:2      | Killed Ijyb
  1782 | D:3      | Found a white marble altar of Elyvilon.
  1788 | D:3      | Reached XP level 5. HP: 22/33 MP: 5/5
  2189 | D:3      | Killed from afar by an orc priest

Skill      XL: |  1  2  3  4  5 |
---------------+----------------+-----
Shields        | 4 |  4.9
Dodging        | 1 |  1.7
Armour         | 4 |  4.0
Fighting       | 4 |  4.0
Maces & Flails | |  2.9
Stealth        | |  0.2

Action                   |  1- 3 |  4- 6 || total
-------------------------+-------+-------++-------
Melee: Flail             |   140 |   115 ||   255
  Use: Potion            |       |     1 ||     1
  Eat: Chunk             |     1 |     4 ||     5
Armor: Scale mail        |    99 |    58 ||   157
Dodge: Dodged            |    56 |    42 ||    98
Block: Shield            |   100 |    66 ||   166
